 Dungeon Crawl Stone Soup version 0.21.1-1-g345015fe64 (webtiles) character file.

193 Naru the Caller (level 5, -3/37 HPs)
             Began as a Vampire Summoner on June 12, 2018.
             Was a Follower of Yredelemnul.
             Slain by an ogre
             ... wielding a +0 giant club
              (19 damage)
             ... on level 4 of the Dungeon.
             The game lasted 00:15:37 (4906 turns).

Naru the Caller (Vampire Summoner)                  Turns: 4906, Time: 00:15:38

Health: -3/37      AC:  7    Str:  7    XL:     5   Next: 44%
Magic:  8/10       EV: 12    Int: 19    God:    Yredelemnul [*.....]
Gold:   134        SH:  0    Dex: 14    Spells: 1/11 levels left

rFire    . . .     SeeInvis +   p - +0 scythe
rCold    + . .     Gourm    .   (shield currently unavailable)
rNeg     + + .     Faith    .   a - +0 robe
rPois    +         Spirit   .   l - +1 helmet
rElec    .         Reflect  .   (no cloak)
rCorr    .         Harm     .   n - +0 pair of gloves
MR       .....                  s - +1 pair of boots
Stlth    +++.......             (no amulet)
HPRegen  0.06/turn              (no ring)
MPRegen  0.12/turn              (no ring)

@: regenerating slowly
A: fangs 3, see invisible, unbreathing
a: Bat Form, Animate Remains, Renounce Religion


You were on level 4 of the Dungeon.
You worshipped Yredelemnul.
Yredelemnul was aware of your devotion.
You were thirsty.

You visited 1 branch of the dungeon, and saw 4 of its levels.

You collected 134 gold pieces.

Inventory:

Hand Weapons
 j - a +0 spear
 p - a +0 scythe (weapon)
Missiles
 c - 26 poisoned needles
 g - 56 stones (quivered)
Armour
 a - a +0 robe (worn)
 l - a +1 helmet (worn)
 n - a +0 pair of gloves (worn)
 q - a +0 pair of boots
 r - a +0 chain mail
 s - a +1 pair of boots (worn)
Jewellery
 t - an uncursed ring of ice
Scrolls
 d - a scroll of amnesia {unknown}
 f - a scroll of teleportation
Potions
 e - 4 potions of curing
 h - 2 potions of flight
 m - a potion of cancellation {unknown}
 o - a potion of lignification {unknown}
 u - a potion of might {unknown}
Books
 b - a book of Callings

   Spells                             Type                      Level
   a - Summon Small Mammal            Summoning                    1
   b - Call Imp                       Summoning                    2
   c - Call Canine Familiar           Summoning                    3
   d - Summon Guardian Golem          Hexes/Summoning              3
   e - Summon Lightning Spire         Summoning/Air                4
   f - Summon Ice Beast               Ice/Summoning                4


   Skills:
 * Level 1.4 Fighting
 - Level 0.4 Polearms
 - Level 2.1 Dodging
 - Level 3.7 Stealth
 * Level 3.5 Spellcasting
 * Level 0.4 Hexes
 * Level 5.2 Summonings


You had one spell level left.
You knew the following spells:

 Your Spells              Type           Power        Failure   Level  Hunger
a - Summon Small Mammal   Summ           ###.         1%          1    None
b - Call Imp              Summ           ###.....     2%          2    ##.....
c - Summon Guardian Gole  Hex/Summ       ##......     13%         3    ###....
d - Summon Lightning Spi  Summ/Air       ##......     43%         4    ####...


Dungeon Overview and Level Annotations

Branches:
Dungeon (4/15)
 Temple: D:4-7

Altars:
Ashenzari
Elyvilon
Qazlal
Ru
Vehumet
Xom
Yredelemnul
The Shining One


Innate Abilities, Weirdness & Mutations

You heal slowly.
You have razor-sharp teeth.
You have supernaturally acute eyesight. (SInv)
You can survive without breathing.


Message History

The ogre hits you with a giant club. The ogre misses you.
The ogre hits you but does no damage.
There is an open door here.
Casting: Summon Guardian Golem
Confirm with . or Enter, or press ? or * to list all spells.
A beastly little devil appears in a puff of frigid air.
You swap places.
The ogre barely misses your white imp.
Your white imp gestures at the ogre.
The puff of frost hits the ogre.
You are too injured to fight recklessly!
You are too injured to fight recklessly!
You are too injured to fight recklessly!
You are too injured to fight recklessly!
You are too injured to fight recklessly!
Unknown command.
You swap places.
The ogre hits you with a giant club!!
Ouch! That really hurt!
You die...
Yredelemnul claims you as an undead slave.

#.# #...# #. #.# ####...###.
..... #.# #.....>.##. ..... #.#
#.......##. ..... #.# #.......##.
.Z... #5# #.......++. %.... #.#
#.......##. .....
#.##########.......##.
.....#######...5@O............'..
..............#########.......###
.....########.# #.......# #+###
#.# #.......# #.# #.......# #.#
######### #.# #.# #.#


You could see an ogre and a friendly white imp.

Vanquished Creatures
  A hound (D:4)
  A dart slug (D:3)
  2 leopard geckos
  An orc (D:3)
  A giant cockroach (D:4)
  A goblin (D:3)
  2 hobgoblins (D:3)
  2 jackals
  2 quokkas
  2 bats (D:3)
  5 kobolds
  A leopard gecko skeleton (D:4)
  4 rats
  A spectral orc (D:2)
26 creatures vanquished.

Vanquished Creatures (collateral kills)
  Sigmund (D:3)
  The ghost of gorpus the Magician, a weakling OpWz (D:3)
  A gnoll (D:1)
  An adder (D:2)
  2 oozes
  A leopard gecko (D:3)
  An orc (D:3)
  A giant cockroach (D:3)
  3 goblins
  7 hobgoblins
  5 jackals
  5 kobolds
  A quokka (D:3)
  6 bats
  A frilled lizard (D:2)
  5 rats
42 creatures vanquished.

Grand Total: 68 creatures vanquished

Notes
Turn   | Place    | Note
-------+----------+-------------------------------------------
     0 | D:1      | Naru the Vampire Summoner began the quest for the Orb.
     0 | D:1      | Reached XP level 1. HP: 13/13 MP: 3/3
   571 | D:1      | Reached XP level 2. HP: 19/19 MP: 1/5
  1531 | D:2      | Learned a level 2 spell: Call Imp
  1594 | D:2      | Reached XP level 3. HP: 25/25 MP: 4/6
  1775 | D:2      | Found a white marble altar of Elyvilon.
  1775 | D:2      | Found a radiant altar of Vehumet.
  1939 | D:2      | Found a stormy altar of Qazlal.
  1939 | D:2      | Found a glowing golden altar of the Shining One.
  1942 | D:2      | Found a shimmering altar of Xom.
  2224 | D:2      | Found a basalt altar of Yredelemnul.
  2237 | D:2      | Became a worshipper of Yredelemnul the Dark
  2307 | D:2      | Found a sacrificial altar of Ru.
  2697 | D:3      | Found a faded altar of an unknown god.
  2702 | D:3      | Noticed Sigmund
  2735 | D:3      | Killed Sigmund
  2735 | D:3      | Reached skill level 1 in Fighting
  2735 | D:3      | Reached skill level 5 in Summonings
  2735 | D:3      | Reached XP level 4. HP: 20/32 MP: 2/8
  3021 | D:3      | Reached XP level 5. HP: 35/37 MP: 4/9
  3627 | D:3      | Reached * piety under Yredelemnul
  3680 | D:3      | Found a shattered altar of Ashenzari.
  4400 | D:3      | Noticed gorpus's ghost (weakling OpWz)
  4409 | D:3      | Killed gorpus's ghost
  4488 | D:4      | Learned a level 3 spell: Summon Guardian Golem
  4493 | D:4      | Learned a level 4 spell: Summon Lightning Spire
  4816 | D:4      | Noticed an ogre
  4906 | D:4      | Slain by an ogre

Skill      XL: |  1  2  3 |
---------------+----------+-----
Fighting       | 1 |  1.4
Spellcasting   | 3 |  3.5
Summonings     | 5 |  5.2
Polearms       | |  0.4
Dodging        | |  2.1
Stealth        | |  3.7
Hexes          | |  0.4

Action                   |  1- 3 |  4- 6 || total
-------------------------+-------+-------++-------
Melee: Club              |     3 |       ||     3
       Unarmed           |     2 |       ||     2
       Bite              |     2 |     3 ||     5
       Spear             |    70 |       ||    70
       Scythe            |       |    55 ||    55
 Cast: Summon Small Mamm |    35 |     1 ||    36
       Call Imp          |    14 |    21 ||    35
       Summon Guardian G |       |     2 ||     2
  Use: Scroll            |       |     6 ||     6
 Stab: Sleeping          |       |     3 ||     3
       Distracted        |       |     1 ||     1
  Eat: Corpse            |     4 |     7 ||    11
Armor: Robe              |    40 |    31 ||    71
Dodge: Dodged            |    83 |    62 ||   145
